 Dungeon Crawl Stone Soup version 0.30-a0-743-gbfdf073431 (webtiles) character file.

Game seed: 5567419869680730173

530 oldriver the Shooter (level 7, 0/59 HPs)
             Began as a Meteoran Hunter on Feb 7, 2023.
             Slain by a kobold brigand
             ... wielding a +0 dagger
              (2 damage)
             ... on level 4 of the Dungeon.
             The game lasted 00:07:55 (1896 turns).

oldriver the Shooter (Meteoran Hunter)              Turns: 1896, Time: 00:07:56

Health: 0/59       AC:  7    Str: 13    XL:     7   Next: 78%
Magic:  8/8        EV: 14    Int: 11    God:
Gold:   75         SH:  0    Dex: 19    Spells: 6/6 levels left

rFire   . . .      SeeInvis .    a - +1 shortbow
rCold   . . .      Faith    .    (shield currently unavailable)
rNeg    . . .      Spirit   .    c - +0 leather armour
rPois   .          Reflect  .    l - +0 helmet
rElec   .          Harm     .    (no cloak)
rCorr   .          Rampage  .    e - +2 pair of gloves
Will    .....                    (no boots)
Stlth   +                        (no amulet)
HPRegen 0.29/turn                (no ring)
MPRegen 0.11/turn                (no ring)

@: lethally poisoned (0 -> -7), slowed, glowing, very slow
A: sense surroundings 1, otherworldly, glowing, explore regen
a: no special abilities


You were on level 4 of the Dungeon.
You visited 1 branch of the dungeon, and saw 4 of its levels.
You also visited: Sewer.

You collected 75 gold pieces.

Inventory:

Hand Weapons
 a - a +1 shortbow (weapon)
 i - a +2 short sword of electrocution
Armour
 c - a +0 leather armour (worn)
 e - a +2 pair of gloves (worn)
 l - a +0 helmet (worn)
Scrolls
 b - 2 scrolls of immolation
 k - a scroll of magic mapping
 m - a scroll of teleportation
 q - a scroll of identify
 s - a scroll of amnesia
Potions
 d - 2 potions of mutation
 f - 3 potions of lignification
 g - 2 potions of curing
 h - 2 potions of degeneration
 j - a potion of attraction
 n - a potion of ambrosia {unknown}
 o - a potion of brilliance {unknown}
 p - 3 potions of haste {unknown}
 t - a potion of magic {unknown}
 u - a potion of heal wounds


   Skills:
 + Level 4.2 Fighting
 * Level 6.8 Ranged Weapons
 + Level 4.6 Dodging
 + Level 2.5 Stealth


You had 6 spell levels left.
You didn't know any spells.
Your spell library contained the following spells:

 Spells                   Type           Power      Damage    Failure   Level
 Slow                     Hex            0%         N/A       41%         1
 Confusing Touch          Hex            0%         N/A       80%         3
 Vampiric Draining        Necr           0%         2d6       80%         3


Dungeon Overview and Level Annotations

Branches:
Dungeon (4/15) Zot: 775     Sewer (visited)
 Temple: D:4-7

Altars:
Qazlal
Zin

Shops:
D:1 (

Portals:
Abyss: D:3

Annotations:
D:3 2 transporters, jimonade's ghost, novice DjFE


Innate Abilities, Weirdness & Mutations

You passively map a small area around you.
You are easily found by Zot.
You glow in the dark.
You regain HP and MP as you explore.


Message History

The curare-tipped dart hits you.
You are more poisoned.
You have difficulty breathing.
You feel as though you will be slow longer.
Fire: a) +1 shortbow
Press: ? - help, Shift-Dir - straight line, f/p - kobold brigand
Aim: a kobold brigand, wielding a +0 dagger and quivering curare-tipped darts (moderately wounded, 61% to hit)
You shoot an arrow. The arrow hits the kobold brigand.
The kobold brigand is heavily wounded.
You feel very sick.
Fire: a) +1 shortbow
Press: ? - help, Shift-Dir - straight line, f/p - kobold brigand
Aim: a kobold brigand, wielding a +0 dagger and quivering curare-tipped darts (heavily wounded, 61% to hit)
You shoot an arrow.
The arrow barely misses the kobold brigand.
You feel sick.
The kobold brigand throws a curare-tipped dart.
The curare-tipped dart hits you.
You are more poisoned.
You have difficulty breathing.
You feel as though you will be slow longer.
Fire: a) +1 shortbow
Press: ? - help, Shift-Dir - straight line, f/p - kobold brigand
Aim: a kobold brigand, wielding a +0 dagger and quivering curare-tipped darts (heavily wounded, 61% to hit)
You shoot an arrow. The arrow hits the kobold brigand.
The kobold brigand is heavily wounded.
* * * LOW HITPOINT WARNING * * *
You feel extremely sick.
The kobold brigand hits you with a +0 dagger.
* * * LOW HITPOINT WARNING * * *
The kobold brigand completely misses you.
Fire: a) +1 shortbow
Press: ? - help, Shift-Dir - straight line, f/p - kobold brigand
Aim: a kobold brigand, wielding a +0 dagger and quivering curare-tipped darts (heavily wounded, 61% to hit)
You shoot an arrow. The arrow hits the kobold brigand.
The kobold brigand is severely wounded.
* * * LOW HITPOINT WARNING * * *
You feel very sick.
The kobold brigand hits you with a +0 dagger.
You die...

.# .# .###### ......#
.##...###
........########### *
...............#.. ,
.........#####.#.#**
,*
.##...##.#####.#@####
....#..........)K.>.#,
.##...##.#####.#.##.#
.#######.#* #.#.#* # *
.# #.., ,..#.. ,
.######..., ..##... *
......w... ... #.###*
..#####. .... #.#
..##.... ..... *.#


You could see a kobold brigand.

Vanquished Creatures
  Sigmund (D:4)
  A jelly (D:4)
  An orc priest (D:3)
  Jessica (D:3)
  2 orc wizards (D:4)
  6 adders
  5 river rats (Sewer)
  A worm (D:2)
  3 dart slugs
  4 orcs
  10 ball pythons
  4 endoplasms
  4 giant cockroaches
  4 goblins
  4 hobgoblins
  4 jackals (D:1)
  27 kobolds
  11 quokkas
  3 bats
  2 frilled lizards
  33 rats
131 creatures vanquished.

Notes
Turn   | Place    | Note
-------+----------+-------------------------------------------
     0 | D:1      | oldriver the Meteoran Hunter began the quest for the Orb.
     0 | D:1      | Reached XP level 1. HP: 17/17 MP: 2/2
    80 | D:1      | Found Wiciokiro's Antique Weapon Shop.
    94 | D:1      | Reached XP level 2. HP: 24/24 MP: 3/3
   154 | D:1      | Reached skill level 1 in Stealth
   329 | D:1      | Reached XP level 3. HP: 30/30 MP: 4/4
   544 | D:2      | Reached skill level 5 in Ranged Weapons
   544 | D:2      | Reached XP level 4. HP: 34/37 MP: 5/5
   886 | D:3      | Reached XP level 5. HP: 37/45 MP: 6/6
   904 | D:3      | Found a stormy altar of Qazlal.
   939 | D:3      | Found a transporter.
   942 | D:3      | Noticed a small abomination
   945 | D:3      | Found a transporter.
   946 | D:3      | Noticed a small abomination
   950 | D:3      | Found a one-way gate to the infinite horrors of the Abyss.
   950 | D:3      | Noticed jimonade's ghost (novice DjFE)
   988 | D:3      | Noticed a toenail golem
  1008 | D:3      | Noticed Jessica
  1017 | D:3      | Killed Jessica
  1166 | D:4      | Reached XP level 6. HP: 48/51 MP: 7/7
  1196 | D:4      | Reached skill level 6 in Ranged Weapons
  1257 | D:4      | Found a glowing drain.
  1286 | Sewer    | Entered a sewer
  1496 | Sewer    | Reached XP level 7. HP: 23/58 MP: 8/8
  1762 | D:4      | Noticed Sigmund
  1784 | D:4      | Killed Sigmund
  1839 | D:4      | Found a glowing silver altar of Zin.
  1896 | D:4      | HP: 2/59 [poisoned by a kobold brigand (curare-tipped
                  | dart)]
  1896 | D:4      | Slain by a kobold brigand

Illustrated notes

Levels and vault maps discovered:
D:1:      sevenhm_arrival_forest_fort_large_2, layout_basic, serial_shops,
          nicolae_shop_stone, minmay_tree_intersection
D:2:      layout_basic
D:3:      layout_rooms, mainiacjoe_overflow_chevrons,
          gammafunk_ghost_abyssal_escape, minmay_misc_feat_x, uniq_jessica
D:4:      layout_loops_cross, mainiacjoe_overflow_tiny_flanked,
          gup_sewer_entry_pipe, uniq_sigmund

Skill      XL: |  1  2  3  4  5  6  7 |
---------------+----------------------+-----
Stealth        | 1 2 |  2.5
Ranged Weapons | 5 6 |  6.8
Dodging        | 3 4 |  4.6
Fighting       | 3 4 |  4.2

Action                     |  1- 3 |  4- 6 |  7- 9 || total
---------------------------+-------+-------+-------++-------
  Melee: Shortbow          |       |     1 |       ||     1
   Fire: Shortbow          |    67 |   184 |    81 ||   332
    Use: Scroll            |     4 |     9 |     2 ||    15
         Potion            |       |     4 |       ||     4
 Armour: Leather armour    |    18 |    85 |    11 ||   114
  Dodge: Dodged            |    38 |   102 |    22 ||   162

Table legend: (Time is in decaauts)
 A = Elapsed time spent in this place.
 B = Non-inter-level travel time spent in this place.
 C = Inter-level travel time spent in this place.
 D = Time resting spent in this place.
 E = Time spent auto-exploring this place.
 F = Levels seen in this place.
 G = Mean time per level.
                   A        B        C        D        E       F      G
               +--------+--------+--------+--------+--------+-----+--------+
         Total |   2004 |   1978 |     26 |      0 |      0 |   5 |  400.8 |
       Dungeon |   1622 |   1596 |     26 |      0 |      0 |   4 |  405.5 |
         Sewer |    382 |    382 |      0 |      0 |      0 |   1 |  382.0 |
               +--------+--------+--------+--------+--------+-----+--------+

Top non-repeatable levels by time:
     D:1: 455 daAuts
     D:4: 422 daAuts
   Sewer: 382 daAuts
     D:3: 374 daAuts
     D:2: 370 daAuts
